 Dungeon Crawl Stone Soup version 0.25-a0-566-g062765be81 (webtiles) character file.

Game seed: 12480859454673149364, levelgen mode: deterministic

6978 Flugslaktarn the Cleaver (level 10, -4/94 HPs)
             Began as a Deep Dwarf Fighter on Feb 28, 2020.
             Was a Priest of Makhleb.
             Slain by Jorgrun
             ... wielding a +0 vorpal quarterstaff
              (6 damage)
             ... while petrified by Jorgrun
             ... on level 12 of the Dungeon.
             The game lasted 00:04:44 (5577 turns).

Flugslaktarn the Cleaver (Deep Dwarf Fighter)       Turns: 5577, Time: 00:04:45

Health: -4/94      AC: 16    Str: 23    XL:     10   Next: 81%
Magic:  2/2        EV: -1    Int: 11    God:    Makhleb [***...]
Gold:   224        SH:  0    Dex: 18    Spells: 9/9 levels left

rFire    . . .     SeeInvis .   s - +3 battleaxe
rCold    . . .     Gourm    .   (shield currently unavailable)
rNeg     + + +     Faith    .   x - +0 plate armour
rPois    ∞         Spirit   .   (no helmet)
rElec    .         Reflect  .   (no cloak)
rCorr    .         Harm     .   (no gloves)
MR       +....                  j - +1 pair of boots
Stlth    ..........             f - amulet of rage
HPRegen  0.00/turn              v - +5 ring of evasion
MPRegen  0.08/turn              z - +6 ring of dexterity

@: petrified, grasped by roots, berserk cooldown, non-regenerating, slowed,
constricted
A: damage resistance, heal wounds, clever 1, sense surroundings 2, no potion
heal 1, no regeneration
a: Heal Wounds, Minor Destruction, Lesser Servant of Makhleb, Renounce Religion,
Evoke Berserk Rage


You were on level 12 of the Dungeon.
You worshipped Makhleb.
Makhleb was most pleased with you.
You were not hungry.

You visited 2 branches of the dungeon, and saw 12 of its levels.

You collected 476 gold pieces.
You spent 252 gold pieces at shops.

Inventory:

Hand Weapons
 a - a +1 war axe
 s - a +3 battleaxe (weapon)
   (You took it off a wight on level 7 of the Dungeon)
Missiles
 b - 2 throwing nets (quivered)
Armour
 c - a +0 kite shield
 j - a +1 pair of boots (worn)
   (You found it on level 6 of the Dungeon)
 x - a +0 plate armour (worn)
   (You took it off an orc warrior on level 7 of the Dungeon)
Jewellery
 f - an amulet of rage (around neck)
   (You found it on level 6 of the Dungeon)
 i - an uncursed ring of see invisible
   (You found it on level 9 of the Dungeon)
 k - an uncursed ring of resist corrosion
   (You found it on level 5 of the Dungeon)
 v - a +5 ring of evasion (left hand)
   (You took it off an orc on level 9 of the Dungeon)
 z - a +6 ring of dexterity (right hand)
   (You found it on level 8 of the Dungeon)
 D - a cursed -3 ring of evasion
   (You found it on level 12 of the Dungeon)
Wands
 C - a wand of digging (7)
   (You found it on level 9 of the Dungeon)
Scrolls
 g - a scroll of fog {unknown}
 l - a scroll of blinking {unknown}
 p - a scroll of enchant weapon
 r - 9 scrolls of identify
 t - 5 scrolls of teleportation
 w - a scroll of remove curse
 y - a scroll of magic mapping
Potions
 d - a potion of might
 h - a potion of haste {unknown}
 m - 4 potions of heal wounds
 n - 2 potions of resistance
 o - a potion of berserk rage
 q - 6 potions of curing
 u - a potion of cancellation
 A - a potion of flight {unknown}
Comestibles
 e - 18 rations
 B - 14 chunks of flesh


   Skills:
 + Level 7.2 Fighting
 * Level 11.3 Axes
 + Level 8.6 Armour
 + Level 2.5 Dodging
 - Level 6.8 Shields
 + Level 7.1 Invocations


You had 9 spell levels left.
You didn't know any spells.
Your spell library was empty.

Dungeon Overview and Level Annotations

Branches:
Dungeon (10/15)            Temple (1/1) D:6
   Lair: D:8-11         Orc: D:9-12

Altars:
Ashenzari
Cheibriados
Dithmenos
Elyvilon
Fedhas
Gozag
Hepliaklqana
Kikubaaqudgha
Makhleb
Nemelex Xobeh
Okawaru
Qazlal
Ru
Sif Muna
Trog
Uskayaw
Vehumet
Wu Jian
Xom
Yredelemnul
Zin
The Shining One
Beogh

Shops:
D:6 !   D:8 (

Annotations:
D:12 Jorgrun


Innate Abilities, Weirdness & Mutations

You are resistant to damage.
You can heal yourself by infusing magical energy.
You passively map the area around you.
You do not regenerate.
Your mind is acute. (Int +2)
Potions are less effective at restoring your health.


Message History

The grasping roots constrict you!
You have turned to stone.
An orc wizard comes into view. It is wielding a +0 dagger of venom.
Jorgrun hits you with a +0 vorpal quarterstaff.
* * * LOW HITPOINT WARNING * * *
The grasping roots constrict you!
Jorgrun hits you with a +0 vorpal quarterstaff!
* * * LOW HITPOINT WARNING * * *
x2 The grasping roots constrict you.
You are no longer berserk.
You feel yourself slow down.
An orc comes into view.
It is wielding a +0 short sword and carrying a wand of flame (16).
Jorgrun hits you with a +0 vorpal quarterstaff.
* * * LOW HITPOINT WARNING * * *
The grasping roots constrict you!
The orc shouts!
Jorgrun hits you but does no damage.
* * * LOW HITPOINT WARNING * * *
The grasping roots constrict you!! Jorgrun hits you but does no damage.
You die...

, , .........#,, ,
, .........# , * ,
,.........# , * *
,,,...o.....## * ,,
..........########,
* ,
.....o...........#
** *
#.).............#,
* * ** *
*#.g.........# ,, ,
,* ,##o@........# ,
* , * ###†)......#
, , , ,, ,
#........., , * , ,
##(######## * , * ,
###..#..# .. , , *
,###..#.(#####.##,
* ,
*##..#.......... ,
*** *
#...........#* * ,
, ##.:....##### *


You could see Jorgrun, an orc priest, an orc wizard and an orc.

Vanquished Creatures
  A two-headed ogre (D:12)
  A troll (D:12)
  A hornet (D:12)
  A shadow (D:6)
  A spriggan (D:7)
  5 yaks (D:9)
  A hungry ghost (D:7)
  A water moccasin (D:6)
  7 orc warriors
  3 phantoms
  4 sky beasts
  An eye of draining (D:6)
  3 ice beasts
  4 ogres
  A black bear (D:12)
  2 centaurs
  2 big kobolds
  3 bullfrogs
  A water moccasin zombie (D:7)
  A scorpion (D:9)
  6 killer bees (D:8)
  5 wights (D:7)
  A howler monkey (D:7)
  A bullfrog zombie (D:6)
  5 crimson imps
  A quasit (D:8)
  A bullfrog skeleton (D:5)
  A centaur zombie (D:5)
  5 orc priests
  6 hounds
  9 orc wizards
  2 iguanas
  Terence (D:2)
  9 worker ants
  A hound zombie (D:9)
  2 hound skeletons
  A howler monkey zombie (D:6)
  4 gnolls (D:2)
  A howler monkey skeleton (D:9)
  7 adders
  3 shadow imps
  2 oozes (D:4)
  3 adder zombies
  3 worms
  2 dart slugs (D:4)
  4 leopard geckos
  46 orcs
  2 ball pythons
  A bat skeleton (D:2)
  3 giant cockroaches
  3 goblins
  2 hobgoblins (D:2)
  4 jackals
  12 kobolds
  3 quokkas (D:4)
  2 bats
  6 frilled lizards
  2 leopard gecko skeletons
  2 rats
218 creatures vanquished.

Notes
Turn   | Place    | Note
-------+----------+-------------------------------------------
     0 | D:1      | Flugslaktarn the Deep Dwarf Fighter began the quest for the
                  | Orb.
     0 | D:1      | Reached XP level 1. HP: 20/20 MP: 1/1
   122 | D:2      | Noticed Terence
   124 | D:2      | Reached XP level 2. HP: 27/27 MP: 2/2
   129 | D:2      | Killed Terence
   129 | D:2      | Reached skill level 3 in Axes
   129 | D:2      | Reached XP level 3. HP: 30/33 MP: 3/3
   277 | D:2      | Reached XP level 4. HP: 32/42 MP: 4/4
   427 | D:4      | Reached skill level 4 in Axes
   427 | D:4      | Reached XP level 5. HP: 46/49 MP: 5/5
   499 | D:4      | Noticed an ogre
   509 | D:4      | Killed an ogre
   564 | D:4      | Reached XP level 6. HP: 26/56 MP: 6/6
   730 | D:4      | Reached skill level 5 in Axes
   742 | D:4      | Found a sparkling altar of Nemelex Xobeh.
  1006 | D:5      | Entered Level 5 of the Dungeon
  1205 | D:5      | Reached XP level 7. HP: 52/64 MP: 6/6
  1259 | D:5      | Reached skill level 5 in Shields
  1271 | D:5      | Reached skill level 6 in Axes
  1271 | D:5      | Reached skill level 5 in Armour
  1500 | D:5      | Reached XP level 8. HP: 56/73 MP: 6/6
  1746 | D:6      | Reached skill level 7 in Axes
  1887 | D:6      | Found a staircase to the Ecumenical Temple.
  1897 | D:6      | Reached skill level 5 in Fighting
  1903 | Temple   | Entered the Ecumenical Temple
  2155 | Temple   | Became a worshipper of Makhleb the Destroyer
  2203 | D:6      | Reached skill level 1 in Invocations
  2220 | D:6      | Reached skill level 8 in Axes
  2511 | D:6      | Found Acviegas's Distillery.
  2524 | D:6      | Bought a potion of heal wounds for 70 gold pieces
  2524 | D:6      | Bought a potion of heal wounds for 70 gold pieces
  2524 | D:6      | Bought a potion of mutation for 112 gold pieces
  2537 | D:6      | Gained mutation: Potions are less effective at restoring
                  | your health. [potion of mutation]
  2537 | D:6      | Gained mutation: Your mind is acute. (Int +2) [potion of
                  | mutation]
  2720 | D:6      | Gained mutation: You passively map the area around you.
                  | [Deep Dwarf growth]
  2720 | D:6      | Reached XP level 9. HP: 71/81 MP: 2/4
  3264 | D:7      | Reached * piety under Makhleb
  3438 | D:7      | Reached skill level 9 in Axes
  4170 | D:8      | Reached skill level 5 in Invocations
  4278 | D:8      | Found Oraza's Weapon Boutique.
  4301 | D:8      | Reached ** piety under Makhleb
  4310 | D:8      | Reached skill level 10 in Axes
  4402 | D:8      | Reached XP level 10. HP: 84/92 MP: 4/4
  5040 | D:9      | Found a roughly hewn altar of Beogh.
  5075 | D:9      | Reached *** piety under Makhleb
  5389 | D:10     | Entered Level 10 of the Dungeon
  5437 | D:10     | You fall into a shaft and drop 2 floors!
  5441 | D:12     | Reached skill level 1 in Dodging
  5537 | D:12     | Noticed a two-headed ogre
  5539 | D:12     | Reached skill level 11 in Axes
  5549 | D:12     | Killed a two-headed ogre
  5558 | D:12     | Noticed Jorgrun
  5576 | D:12     | HP: 2/94 [Jorgrun/+0 vorpal quarterstaff (8)]
  5577 | D:12     | Slain by Jorgrun

Levels and vault maps discovered:
D:1:      scummos_arrival_forest, layout_basic
D:2:      layout_loops_ring, serial_undead, serial_undead_d, serial_undead_f,
          serial_undead_a, serial_undead_c, uniq_terence, uniq_jessica
D:3:      layout_loops_ring, first_ration, minmay_vboxes
D:4:      layout_basic, nemelex_xobeh_ov_fountains_minmay,
          kennysheep_generic_room_3
D:5:      layout_basic
D:6:      cheibrodos_fzero, layout_cave_pods, temple_fountains, serial_shops,
          shop
D:7:      layout_basic, the_bakery
D:8:      layout_loops_ring, serial_shops, kennysheep_mini_moat
D:9:      layout_roguey [special_room_orc]
D:10:     kennysheep_orc_sif_temple, layout_loops_ring,
          minmay_orc_entry_guard_dogs, chequers_serial_rivers_micro_a,
          item_on_display_a, uniq_joseph
D:12:     layout_basic, special_room [special_room_bee], hangedman_glass_teeth,
          minmay_holes, grunt_dithmenos_smoke_and_mirrors, uniq_jorgrun,
          uniq_kirke, uniq_psyche, uniq_azrael
Temple:   roderic_octagonal_lattice_temple

Skill      XL: |  1  2  3  4  5  6  7  8  9 10 |
---------------+-------------------------------+-----
Axes           | 3 4 5 6 8 10 11 | 11.3
Fighting       | 3 4 5 6 7 |  7.2
Armour         | 4 5 6 7 8 |  8.6
Shields        | 4 5 6 |  6.8
Invocations    | 2 5 7 |  7.1
Dodging        | 2 |  2.5

Action                   |  1- 3 |  4- 6 |  7- 9 | 10-12 || total
-------------------------+-------+-------+-------+-------++-------
Melee: War axe           |    59 |   183 |   297 |       ||   539
       Battleaxe         |       |       |   149 |   195 ||   344
 Abil: Heal Wounds       |       |     7 |    25 |     7 ||    39
  Use: Scroll            |       |       |    14 |       ||    14
       Potion            |       |       |     1 |     1 ||     2
  Eat: Chunk             |       |     2 |    14 |     4 ||    20
Armor: Scale mail        |    31 |       |       |       ||    31
       Chain mail        |    10 |   104 |   190 |       ||   304
       Plate armour      |       |       |   105 |   115 ||   220
Dodge: Dodged            |    29 |    33 |   153 |   101 ||   316
Block: Kite shield       |    36 |    99 |   172 |       ||   307

Table legend:
 A = Non-vault XP
 B = Vault XP
 C = Vault XP percentage of total XP
 D = Non-vault monster count
 E = Vault monster count
 F = Vault count percentage of total count
                 A         B        C        D         E       F
            +---------+---------+-------+---------+---------+-------
      Total |    8545 |    1424 |  14.3 |     175 |      43 |  19.7
            +---------+---------+-------+---------+---------+-------
        D:1 |       6 |       0 |   0.0 |       4 |       0 |   0.0
        D:2 |     112 |      50 |  30.9 |      20 |       5 |  20.0
        D:3 |       3 |       0 |   0.0 |       1 |       0 |   0.0
        D:4 |     414 |       0 |   0.0 |      22 |       0 |   0.0
        D:5 |     869 |       0 |   0.0 |      21 |       0 |   0.0
        D:6 |    1029 |     660 |  39.1 |      19 |      12 |  38.7
        D:7 |    1203 |     215 |  15.2 |      25 |       1 |   3.8
        D:8 |    1222 |       0 |   0.0 |      28 |       0 |   0.0
        D:9 |    1433 |     499 |  25.8 |      18 |      25 |  58.1
       D:10 |     271 |       0 |   0.0 |       6 |       0 |   0.0
       D:12 |    1983 |       0 |   0.0 |      11 |       0 |   0.0
            +---------+---------+-------+---------+---------+-------
